Map: Bel'Shir Vestige LE (Void)

Players

SLeet - Winner!

  • Race: Zerg Zerg
  • Spawn Location: 5:00

mLty

  • Race: Terran Terran
  • Spawn Location: 11:00

Event: WCS Austin 2017

VOD

Have the link to the VOD?

Description

Time

  • Played on: April 28, 2017, 2:06 p.m.
  • Length: 3:56

All games in this series

Show
View Real Time Build Order
Export as new Build Order

SLeet Zerg - Winner!

Build Orders: Hatch First 

Get SALT Encoding   

  12  0:01  Drone  
  13  0:12  Overlord  
  13  0:17  Drone  
  14  0:30  Drone x2  
  14  0:35  Drone  
  17  0:52  Hatchery  
  17  0:54  Drone  
  17  0:57  Drone  
  18  1:08  Extractor  
  17  1:11  Spawning Pool  
  17  1:15  Drone  
  17  1:18  Drone  
  18  1:28  Drone  
  19  1:38  Overlord  
  19  1:51  Drone  
  20  1:58  Queen  
  22  2:02  Zergling x2  
  22  2:04  Queen  
  22  2:05  Zergling x2  
  26  2:10  Metabolic Boost  
  26  2:11  Drone  
  27  2:16  Drone  
  27  2:22  Drone  
  29  2:26  Drone  
  30  2:34  Drone, Queen  
  33  2:40  Drone  
  33  2:44  Overlord  
  34  2:49  Drone  
  35  2:58  Drone  
  35  3:00  Overlord  
  35  3:03  Hatchery  
  35  3:04  Drone  
  35  3:07  Zergling x6  
  35  3:10  Zergling x2  
  38  3:14  Zergling x6  
  41  3:21  Zergling x2  
  42  3:33  Zergling x2  
  43  3:36  Zergling x2  
  43  3:43  Drone x5  
  43  3:44  Drone  
Show
View Real Time Build Order
Export as new Build Order

mLty Terran 

Build Orders:  

Get SALT Encoding   

  12  0:01  SCV  
  13  0:13  SCV  
  14  0:18  Supply Depot  
  14  0:25  SCV  
  14  0:27  Refinery  
  15  0:39  SCV  
  16  0:45  Barracks  
  16  0:51  SCV  
  17  0:58  Supply Depot  
  17  1:03  SCV  
  18  1:09  Refinery  
  18  1:15  SCV  
  19  1:26  Barracks  
  19  1:31  SCV  
  20  1:37  Reaper  
  21  1:48  Barracks  
  21  2:04  Orbital Command  
  21  2:09  Reaper  
  22  2:15  Barracks Reactor  
  22  2:16  Reaper  
  23  2:30  SCV  
  23  2:32  Supply Depot  
  23  2:36  Reaper  
  25  2:41  Reaper  
  25  2:48  Reaper  
  25  2:50  SCV  
  27  3:10  Reaper  
  28  3:13  Command Center  
  28  3:14  SCV  
  28  3:16  Reaper  
  30  3:26  SCV  
  28  3:50  Barracks  
  28  3:51  Barracks  
  28  3:54  Barracks  
Tags
 
Add a new tag
Caveats
  • Supply blocks, unpowered buildings, or Contaminate may cause inaccurate times.
  • Supply counts are checked every 10 seconds.